[Event "11th LCC FIDE Open 2019"]
[Site "London"]
[Date "2019.11.29"]
[Round "1.9"]
[White "Gormally, Daniel W"]
[Black "Walker, Samuel A"]
[Result "1-0"]
[ECO "D85"]
[WhiteElo "2491"]
[BlackElo "2039"]
[Annotator "RC"]
[PlyCount "47"]
[EventDate "2019.11.29"]
[EventType "swiss"]
[EventCountry "ENG"]
[SourceTitle "playchess.com"]
[Source "ChessBase"]
[SourceQuality "1"]
[TimeControl "40/5400+30:1800+30"]

1. d4 Nf6 2. c4 g6 3. Nc3 d5 4. cxd5 Nxd5 5. e4 Nxc3 6. bxc3 Bg7 7. Nf3 c5 8. Rb1 O-O 9. Be2 Nd7 10. O-O Nf6 11. Bd3 b6 12. Qe2 e6 13. Bf4 Re8 14. dxc5 bxc5 15. Rfd1 Bd7 16. h3 Ba4 17. Rdc1 Nh5 18. Be3 e5 19. Bc4 Re7 20. Bd5 Rc8 21. Qa6 Be8 22. Bg5 Nf4 23. Bxe7 Qxe7 24. Qxc8 1-0

[Event "11th LCC FIDE Open 2019"]
[Site "London"]
[Date "2019.11.29"]
[Round "1.12"]
[White "Flear, Christine"]
[Black "Arkell, Keith C"]
[Result "0-1"]
[ECO "A41"]
[WhiteElo "2035"]
[BlackElo "2445"]
[Annotator "ChessBase"]
[PlyCount "98"]
[EventDate "2019.11.29"]
[EventType "swiss"]
[EventCountry "ENG"]
[SourceTitle "playchess.com"]
[Source "ChessBase"]
[SourceQuality "1"]
[TimeControl "40/5400+30:1800+30"]

1. d4 d6 2. Nf3 Bg4 3. e3 Nc6 4. h3 Bd7 5. d5 Ne5 6. Nxe5 dxe5 7. Bc4 Nf6 8. Nc3 g6 9. g4 h6 10. Qf3 Bg7 11. Bd2 a6 12. Rg1 b5 13. Bb3 Rc8 14. O-O-O c5 15. dxc6 Bxc6 16. e4 Qc7 17. g5 hxg5 18. Bxg5 a5 19. Bxf6 Bxf6 20. a4 bxa4 21. Nxa4 Rh7 22. Kb1 Bd7 23. Rg3 Be6 24. Rd2 Qc6 25. Bxe6 Qxe6 26. Nc3 Kf8 27. Rd5 Ra8 28. Qd3 Kg7 29. Rd8 Rxd8 30. Qxd8 Rxh3 31. Rxh3 Qxh3 32. Qxa5 Qf1+ 33. Ka2 Qxf2 34. Qa4 g5 35. Nd5 e6 36. Nxf6 Kxf6 37. Qc6 g4 38. Qc7 g3 39. Qd8+ Kg6 40. Qg8+ Kh5 41. Qh8+ Kg4 42. Qxe5 g2 43. Qg7+ Kh3 44. Qh6+ Qh4 45. Qe3+ Qg3 46. Qh6+ Kg4 47. Qg7+ Kf3 48. Qc3+ Kf4 49. Qd2+ Kg4 0-1

[Event "11th LCC FIDE Open 2019"]
[Site "London"]
[Date "2019.11.29"]
[Round "1.13"]
[White "Fernandez, Daniel H"]
[Black "Bansal, Rohan"]
[Result "1-0"]
[ECO "E04"]
[WhiteElo "2444"]
[BlackElo "2018"]
[Annotator "ChessBase"]
[PlyCount "97"]
[EventDate "2019.11.29"]
[EventType "swiss"]
[EventCountry "ENG"]
[SourceTitle "playchess.com"]
[Source "ChessBase"]
[SourceQuality "1"]
[TimeControl "40/5400+30:1800+30"]

1. c4 Nf6 2. g3 e6 3. Bg2 d5 4. Nf3 Nc6 5. O-O Bd6 6. d4 dxc4 7. Nbd2 O-O 8. Nxc4 Re8 9. Bf4 Nd5 10. Qd2 Bb4 11. Qd3 Nxf4 12. gxf4 Qf6 13. e3 Qg6 14. Rfd1 Be7 15. Qxg6 hxg6 16. Rac1 Nb4 17. a3 Nd5 18. Na5 c6 19. b4 Rb8 20. Ne5 Bd6 21. Kf1 Bxe5 22. fxe5 f6 23. Ke2 Kf7 24. Nc4 Ke7 25. h4 Rh8 26. Rh1 Bd7 27. Be4 Rh6 28. Nd6 b6 29. Rhg1 f5 30. Bxd5 cxd5 31. h5 Rxh5 32. Rxg6 Rh7 33. Rc7 a5 34. Nxf5+ Kd8 35. Ra7 Bb5+ 36. Kf3 exf5 37. Kf4 axb4 38. axb4 Rh4+ 39. Kg5 Rg4+ 40. Kxf5 Bd3+ 41. Kxg4 Bxg6 42. Rxg7 Be8 43. Kf5 Rc8 44. e6 Rc7 45. Rxc7 Kxc7 46. Ke5 Bc6 47. f4 Bb7 48. f5 Bc6 49. f6 1-0

[Event "11th LCC FIDE Open 2019"]
[Site "London"]
[Date "2019.11.29"]
[Round "1.14"]
[White "Penna, Tommaso"]
[Black "Hebden, Mark L"]
[Result "1/2-1/2"]
[ECO "C88"]
[WhiteElo "2007"]
[BlackElo "2436"]
[Annotator "RC"]
[PlyCount "134"]
[EventDate "2019.11.29"]
[EventType "swiss"]
[EventCountry "ENG"]
[SourceTitle "playchess.com"]
[Source "ChessBase"]
[SourceQuality "1"]
[TimeControl "40/5400+30:1800+30"]

1. e4 e5 2. Nf3 Nc6 3. Bb5 a6 4. Ba4 Nf6 5. O-O Be7 6. Re1 b5 7. Bb3 O-O 8. a4 Bb7 9. d3 d6 10. Nbd2 Qd7 11. Nf1 Rae8 12. axb5 axb5 13. c3 Bd8 14. Ng3 Nb8 15. Bg5 h6 16. Bxf6 Bxf6 17. d4 Qc8 18. Ra5 c6 19. Nf5 Rd8 20. d5 Qc7 21. Qa1 Qb6 22. Rd1 c5 23. Bc2 Na6 24. b3 Nc7 25. Bd3 Ra8 26. Rxa8 Rxa8 27. Qb2 Bc8 28. Ne3 Qa7 29. Rb1 g6 30. Nc2 Bd7 31. Ra1 Qb7 32. Ra3 Bd8 33. Ne3 Ne8 34. Qa1 Rxa3 35. Qxa3 Bb6 36. Be2 f5 37. Nd2 Nf6 38. Bf3 Kg7 39. Kf1 Qc7 40. c4 Ba5 41. Qb2 f4 42. Nd1 g5 43. Nc3 Bxc3 44. Qxc3 b4 45. Qa1 g4 46. Bd1 Be8 47. Qa6 Bg6 48. Bc2 h5 49. Ke1 h4 50. Bd3 Qe7 51. Kd1 Nh5 52. Ke1 g3 53. h3 gxf2+ 54. Kxf2 Ng3 55. Qc8 Bh5 56. Nf3 Qa7 57. Bb1 Bxf3 58. Kxf3 Qe7 59. Bd3 Nh5 60. Kf2 Nf6 61. Qf5 Qa7 62. Be2 Qa2 63. Qg5+ Kf7 64. Qf5 Qd2 65. Kf1 Qc1+ 66. Kf2 Qe3+ 67. Kf1 Qc1+ 1/2-1/2

[Event "11th LCC FIDE Open 2019"]
[Site "London"]
[Date "2019.11.29"]
[Round "1.17"]
[White "Clarke, Brandon Gi"]
[Black "Ifalore, Michael"]
[Result "1-0"]
[ECO "C95"]
[WhiteElo "2431"]
[BlackElo "1989"]
[Annotator "ChessBase"]
[PlyCount "65"]
[EventDate "2019.11.29"]
[EventType "swiss"]
[EventCountry "ENG"]
[SourceTitle "playchess.com"]
[Source "ChessBase"]
[SourceQuality "1"]
[TimeControl "40/5400+30:1800+30"]

1. e4 e5 2. Nf3 Nc6 3. Bb5 a6 4. Ba4 Nf6 5. O-O b5 6. Bb3 Be7 7. Re1 O-O 8. c3 d6 9. h3 Nb8 10. d4 Nbd7 11. Nbd2 Bb7 12. Bc2 Re8 13. Nf1 Bf8 14. Ng3 g6 15. a4 c5 16. d5 c4 17. Bg5 Nc5 18. Qd2 Be7 19. Bh6 Nfd7 20. Nh2 Nxa4 21. Bxa4 bxa4 22. Rxa4 a5 23. Ng4 Ba6 24. f4 Nc5 25. Raa1 Nd3 26. Rf1 Qb6+ 27. Kh2 Bc8 28. f5 Qxb2 29. Qe3 gxf5 30. Nxf5 Bxf5 31. Rxf5 Nf4 32. Bxf4 Qxa1 33. Nh6+ 1-0

[Event "11th LCC FIDE Open 2019"]
[Site "London"]
[Date "2019.11.29"]
[Round "1.19"]
[White "Merry, Alan B"]
[Black "Modi, Kishan J"]
[Result "1-0"]
[ECO "A21"]
[WhiteElo "2426"]
[BlackElo "1978"]
[Annotator "ChessBase"]
[PlyCount "53"]
[EventDate "2019.11.29"]
[EventType "swiss"]
[EventCountry "ENG"]
[SourceTitle "playchess.com"]
[Source "ChessBase"]
[SourceQuality "1"]
[TimeControl "40/5400+30:1800+30"]

1. c4 e5 2. Nc3 d6 3. g3 f5 4. Bg2 Nf6 5. e3 Be7 6. Nge2 c6 7. O-O O-O 8. b3 Na6 9. Bb2 Qc7 10. Rc1 Bd7 11. f4 e4 12. d3 Qb6 13. Nd4 d5 14. cxd5 cxd5 15. dxe4 dxe4 16. h3 Rac8 17. Rf2 Nb4 18. Bf1 Kh8 19. Rd2 Bc5 20. Kh2 Nbd5 21. Nxd5 Nxd5 22. Nxf5 Bxf5 23. Rxd5 Bxe3 24. Rxc8 Bxc8 25. Rg5 Rg8 26. Bc4 Be6 27. Qa1 1-0

[Event "11th LCC FIDE Open 2019"]
[Site "London"]
[Date "2019.11.29"]
[Round "1.20"]
[White "De Coverly, Roger D"]
[Black "Gschnitzer, Adrian"]
[Result "0-1"]
[ECO "B11"]
[WhiteElo "1974"]
[BlackElo "2422"]
[Annotator "ChessBase"]
[PlyCount "58"]
[EventDate "2019.11.29"]
[EventType "swiss"]
[EventCountry "ENG"]
[SourceTitle "playchess.com"]
[Source "ChessBase"]
[SourceQuality "1"]
[TimeControl "40/5400+30:1800+30"]

1. e4 c6 2. Nc3 d5 3. Nf3 Bg4 4. h3 Bxf3 5. Qxf3 e6 6. Be2 Nd7 7. d3 g6 8. O-O Bg7 9. Qg3 Ne7 10. Kh1 O-O 11. f4 b5 12. Bf3 b4 13. Nd1 a5 14. Ne3 Kh8 15. h4 f5 16. e5 Nxe5 17. fxe5 f4 18. Qh2 fxe3 19. Bxe3 Nf5 20. Bg5 Qc7 21. Rae1 Rf7 22. h5 Kg8 23. h6 Bf8 24. c3 Be7 25. Bxe7 Qxe7 26. Bg4 Raf8 27. Bxf5 Rxf5 28. Kg1 bxc3 29. Rxf5 Qc5+ 0-1

[Event "11th LCC FIDE Open 2019"]
[Site "London"]
[Date "2019.11.29"]
[Round "1.21"]
[White "McDonald, Neil R"]
[Black "Karumazondo, Ragarirai Ernest"]
[Result "1-0"]
[ECO "B33"]
[WhiteElo "2412"]
[BlackElo "1972"]
[Annotator "ChessBase"]
[PlyCount "89"]
[EventDate "2019.11.29"]
[EventType "swiss"]
[EventCountry "ENG"]
[SourceTitle "playchess.com"]
[Source "ChessBase"]
[SourceQuality "1"]
[TimeControl "40/5400+30:1800+30"]

1. e4 c5 2. Nf3 Nc6 3. d4 cxd4 4. Nxd4 Nf6 5. Nc3 e5 6. Ndb5 d6 7. Bg5 a6 8. Na3 b5 9. Nd5 Be7 10. Bxf6 Bxf6 11. c4 b4 12. Nc2 a5 13. g3 O-O 14. Bg2 Bg5 15. O-O Bh6 16. Qd3 g6 17. Rad1 Ra6 18. b3 Kh8 19. Nde3 Bg7 20. Qxd6 Nd4 21. Qxd8 Rxd8 22. Nxd4 exd4 23. Nd5 f5 24. Rfe1 Re6 25. Nf4 Ree8 26. Nd3 fxe4 27. Bxe4 Re7 28. Bc6 Rxe1+ 29. Rxe1 Bf5 30. Be4 Re8 31. Bxf5 Rxe1+ 32. Nxe1 gxf5 33. Kf1 Kg8 34. Ke2 f4 35. Kd3 fxg3 36. hxg3 Kf7 37. Nf3 Ke6 38. Nxd4+ Kd7 39. c5 h5 40. c6+ Kc8 41. Ke4 Bf6 42. Kd5 Kc7 43. Nb5+ Kd8 44. c7+ Kd7 45. Nd6 1-0

[Event "11th LCC FIDE Open 2019"]
[Site "London"]
[Date "2019.11.29"]
[Round "1.22"]
[White "Millward, Kevin P"]
[Black "Percivaldi, Martin"]
[Result "0-1"]
[ECO "D02"]
[WhiteElo "1967"]
[BlackElo "2384"]
[Annotator "ChessBase"]
[PlyCount "58"]
[EventDate "2019.11.29"]
[EventType "swiss"]
[EventCountry "ENG"]
[SourceTitle "playchess.com"]
[Source "ChessBase"]
[SourceQuality "1"]
[TimeControl "40/5400+30:1800+30"]

1. d4 d5 2. Bf4 Nf6 3. e3 c5 4. c3 Nc6 5. Nd2 e6 6. Ngf3 cxd4 7. exd4 Nh5 8. Bg5 f6 9. Ne5 g6 10. Bh4 Bd6 11. Nd3 O-O 12. Be2 Ng7 13. f4 Qc7 14. O-O Nf5 15. Bf2 Bxf4 16. Nxf4 Qxf4 17. Nb3 a5 18. g4 Nd6 19. Nc5 Ne4 20. Nxe4 Qxe4 21. Qd2 e5 22. Bh4 exd4 23. Rxf6 Bxg4 24. Bd3 Qe3+ 25. Qxe3 dxe3 26. Re1 Ne5 27. Rxe3 Nf3+ 28. Rexf3 Bxf3 29. Kf2 Rxf6 0-1

[Event "11th LCC FIDE Open 2019"]
[Site "London"]
[Date "2019.11.29"]
[Round "1.23"]
[White "Vaishali, R."]
[Black "Pellicoro, Nathalie"]
[Result "0-1"]
[ECO "B80"]
[WhiteElo "2376"]
[BlackElo "1967"]
[Annotator "ChessBase"]
[PlyCount "52"]
[EventDate "2019.11.29"]
[EventType "swiss"]
[EventCountry "ENG"]
[SourceTitle "playchess.com"]
[Source "ChessBase"]
[SourceQuality "1"]
[TimeControl "40/5400+30:1800+30"]

1. e4 c5 2. Nf3 e6 3. d4 cxd4 4. Nxd4 Nc6 5. Nc3 Qc7 6. g3 Nf6 7. Bg2 a6 8. O-O Be7 9. Re1 d6 10. Nxc6 bxc6 11. e5 dxe5 12. Rxe5 Nd5 13. Nxd5 cxd5 14. Bf4 Qc5 15. c4 Qxc4 16. Rc1 Qxa2 17. Rxd5 exd5 18. Bxd5 Qa5 19. Bc6+ Kf8 20. Bxa8 Be6 21. Rc7 g5 22. Qd4 Qe1+ 23. Kg2 Bh3+ 24. Kxh3 Qf1+ 25. Bg2 g4+ 26. Kxg4 Qe2+ 0-1

[Event "11th LCC FIDE Open 2019"]
[Site "London"]
[Date "2019.11.29"]
[Round "1.24"]
[White "Burke, John"]
[Black "Taylor, Adam C"]
[Result "0-1"]
[ECO "A45"]
[WhiteElo "1966"]
[BlackElo "2371"]
[Annotator "ChessBase"]
[PlyCount "48"]
[EventDate "2019.11.29"]
[EventType "swiss"]
[EventCountry "ENG"]
[SourceTitle "playchess.com"]
[Source "ChessBase"]
[SourceQuality "1"]
[TimeControl "40/5400+30:1800+30"]

1. d4 Nf6 2. Bf4 c5 3. dxc5 Na6 4. Nc3 Nxc5 5. e3 Qa5 6. Bd3 e5 7. Bg3 Na4 8. Nge2 Nxb2 9. Qb1 Ba3 10. O-O a6 11. Nd1 Nxd3 12. cxd3 d6 13. Ndc3 O-O 14. Qb3 Be6 15. Qc2 Rac8 16. e4 Rc7 17. f3 Rfc8 18. Be1 d5 19. Qa4 Qxa4 20. Nxa4 Rc2 21. Ng3 R8c6 22. Rf2 b5 23. Rxc2 Rxc2 24. Nc3 Bb2 0-1

[Event "11th LCC FIDE Open 2019"]
[Site "London"]
[Date "2019.11.29"]
[Round "1.25"]
[White "Beinoras, Mindaugas"]
[Black "Ditmas, Hugh"]
[Result "1-0"]
[ECO "E12"]
[WhiteElo "2350"]
[BlackElo "1961"]
[Annotator "ChessBase"]
[PlyCount "57"]
[EventDate "2019.11.29"]
[EventType "swiss"]
[EventCountry "ENG"]
[SourceTitle "playchess.com"]
[Source "ChessBase"]
[SourceQuality "1"]
[TimeControl "40/5400+30:1800+30"]

1. d4 Nf6 2. c4 e6 3. Nf3 b6 4. a3 Bb7 5. Nc3 d5 6. cxd5 Nxd5 7. Qc2 c5 8. e4 Nxc3 9. bxc3 Qc7 10. Bb5+ Bc6 11. Bc4 b5 12. Be2 c4 13. O-O Be7 14. Ne5 Bb7 15. Rb1 f6 16. Nf3 a6 17. a4 Qd7 18. Rd1 O-O 19. d5 e5 20. Qb2 Qg4 21. Ng5 Qd7 22. Ne6 Rc8 23. Be3 b4 24. cxb4 Qxa4 25. Nc5 Qb5 26. Qa2 Bxc5 27. bxc5 Qd7 28. Bxc4 a5 29. c6 1-0

[Event "11th LCC FIDE Open 2019"]
[Site "London"]
[Date "2019.11.29"]
[Round "1.26"]
[White "Korning, Peter"]
[Black "Bates, Richard A"]
[Result "0-1"]
[ECO "B22"]
[WhiteElo "1961"]
[BlackElo "2342"]
[Annotator "ChessBase"]
[PlyCount "82"]
[EventDate "2019.11.29"]
[EventType "swiss"]
[EventCountry "ENG"]
[SourceTitle "playchess.com"]
[Source "ChessBase"]
[SourceQuality "1"]
[TimeControl "40/5400+30:1800+30"]

1. e4 c5 2. d4 cxd4 3. c3 Nf6 4. e5 Nd5 5. Nf3 e6 6. cxd4 d6 7. Nc3 Nxc3 8. bxc3 Qc7 9. Bd2 Nd7 10. exd6 Bxd6 11. Bd3 b6 12. O-O Bb7 13. Re1 O-O 14. h3 Bf4 15. Ne5 Bxd2 16. Nxd7 Qxd7 17. Qxd2 Rac8 18. Rac1 Rfd8 19. Qf4 Qc7 20. Qh4 g6 21. Qf6 Rd5 22. Be4 Ra5 23. Bb1 Qd8 24. Qxd8+ Rxd8 25. Red1 Rg5 26. g3 e5 27. h4 Rh5 28. dxe5 Rxd1+ 29. Rxd1 Rxe5 30. Kf1 Bf3 31. Rd4 Rb5 32. Rb4 Rc5 33. c4 Re5 34. Bd3 Bc6 35. a4 Kf8 36. Bc2 Ke7 37. Rb1 Kd6 38. f4 Re3 39. Kf2 Rf3+ 40. Ke2 Rxg3 41. h5 Rg2+ 0-1

[Event "11th LCC FIDE Open 2019"]
[Site "London"]
[Date "2019.11.29"]
[Round "1.27"]
[White "Bradbury, Neil H"]
[Black "Deaconu, Mihai Ionut"]
[Result "1-0"]
[ECO "E92"]
[WhiteElo "2326"]
[BlackElo "1957"]
[Annotator "ChessBase"]
[PlyCount "73"]
[EventDate "2019.11.29"]
[EventType "swiss"]
[EventCountry "ENG"]
[SourceTitle "playchess.com"]
[Source "ChessBase"]
[SourceQuality "1"]
[TimeControl "40/5400+30:1800+30"]

1. d4 Nf6 2. c4 g6 3. Nc3 Bg7 4. e4 d6 5. Nf3 O-O 6. h3 e5 7. d5 a5 8. Be2 Na6 9. Be3 Nc5 10. Nd2 Ne8 11. Nb3 b6 12. Nxc5 dxc5 13. Qd2 Nd6 14. O-O-O Ba6 15. b3 a4 16. f3 axb3 17. axb3 Qd7 18. Kc2 b5 19. cxb5 Nxb5 20. Bxb5 Bxb5 21. Bxc5 Rfb8 22. Ra1 Ba6 23. Ra2 Qc8 24. Rha1 Qb7 25. b4 Bc4 26. Rxa8 Rxa8 27. Rxa8+ Qxa8 28. Kb2 f5 29. Qe1 Qa6 30. g4 fxe4 31. fxe4 Bh6 32. Qh4 Bc1+ 33. Kb1 g5 34. Qh5 Qa8 35. Qh6 Qe8 36. Kxc1 Qf7 37. Qxg5+ 1-0

[Event "11th LCC FIDE Open 2019"]
[Site "London"]
[Date "2019.11.29"]
[Round "1.28"]
[White "Royal, Shreyas"]
[Black "Paterek, Michal"]
[Result "1-0"]
[ECO "D47"]
[WhiteElo "1941"]
[BlackElo "2317"]
[Annotator "ChessBase"]
[PlyCount "93"]
[EventDate "2019.11.29"]
[EventType "swiss"]
[EventCountry "ENG"]
[SourceTitle "playchess.com"]
[Source "ChessBase"]
[SourceQuality "1"]
[TimeControl "40/5400+30:1800+30"]

1. d4 d5 2. c4 c6 3. Nf3 Nf6 4. Nc3 e6 5. e3 Nbd7 6. Qc2 a6 7. Bd3 dxc4 8. Bxc4 b5 9. Be2 Bb7 10. O-O c5 11. Rd1 Rc8 12. dxc5 Bxc5 13. a3 Qc7 14. Bd2 O-O 15. h3 Ba7 16. Rac1 Bb8 17. Qb1 Bxf3 18. Bxf3 Qh2+ 19. Kf1 Ne5 20. Ke2 Nxf3 21. Kxf3 Nd7 22. Rg1 Ne5+ 23. Ke2 Rfd8 24. Ne4 Rxc1 25. Qxc1 Nd3 26. Qb1 Qe5 27. Ba5 Qxe4 28. Bxd8 Nf4+ 29. Kd2 Qd5+ 30. Ke1 Nxg2+ 31. Ke2 Nxe3 32. fxe3 Qxd8 33. Qe4 g6 34. Rc1 Kg7 35. Qd4+ Qf6 36. Qxf6+ Kxf6 37. Rc6 Be5 38. b4 h5 39. Rxa6 g5 40. Ra5 Bb2 41. Kf3 Kg6 42. a4 bxa4 43. b5 f5 44. b6 g4+ 45. hxg4 hxg4+ 46. Kg2 a3 47. b7 1-0

[Event "11th LCC FIDE Open 2019"]
[Site "London"]
[Date "2019.11.29"]
[Round "1.29"]
[White "Sowray, Peter J"]
[Black "Chapman, Matt"]
[Result "1/2-1/2"]
[ECO "D19"]
[WhiteElo "2316"]
[BlackElo "1937"]
[Annotator "ChessBase"]
[PlyCount "127"]
[EventDate "2019.11.29"]
[EventType "swiss"]
[EventCountry "ENG"]
[SourceTitle "playchess.com"]
[Source "ChessBase"]
[SourceQuality "1"]
[TimeControl "40/5400+30:1800+30"]

1. d4 d5 2. c4 c6 3. Nf3 Nf6 4. Nc3 dxc4 5. a4 Bf5 6. e3 e6 7. Bxc4 Bb4 8. O-O O-O 9. Qe2 Nbd7 10. e4 Bg6 11. Bd3 Bh5 12. e5 Nd5 13. Nxd5 cxd5 14. Qe3 Be7 15. Ng5 Bxg5 16. Qxg5 Qxg5 17. Bxg5 Nb8 18. a5 Nc6 19. Ra4 a6 20. Rc1 Rfc8 21. f3 Bg6 22. Be2 Rc7 23. Ra3 Rcc8 24. Be3 Na7 25. Rac3 Rxc3 26. Rxc3 Rc8 27. Rxc8+ Nxc8 28. Kf2 Na7 29. Bd2 Nc6 30. Ke3 Bc2 31. g4 h6 32. h4 g6 33. Bc3 Kg7 34. Kd2 Ba4 35. Bd3 g5 36. hxg5 hxg5 37. Ke3 Bd1 38. Kf2 Ba4 39. f4 gxf4 40. Kf3 Bd1+ 41. Kxf4 Ba4 42. Be2 Kg6 43. Ke3 Kg7 44. Bf3 Kg6 45. Bd2 Bb5 46. Bd1 Bc4 47. Bc2+ Kg7 48. Be1 Bb5 49. Bc3 Bc4 50. Kf4 Bb5 51. Kf3 Bc4 52. Kf2 Bb5 53. b3 Kh6 54. Bb1 Kg7 55. Bc2 Kh6 56. Bd1 Kg7 57. Bf3 Kg6 58. Bg2 Kg7 59. Ke3 Kg6 60. Bf3 Kg7 61. Bd1 Kg6 62. Bc2+ Kg7 63. Kf4 Bf1 64. Ke3 1/2-1/2

[Event "11th LCC FIDE Open 2019"]
[Site "London"]
[Date "2019.11.29"]
[Round "1.30"]
[White "Jacobs, Robert"]
[Black "Zujev, Oleg"]
[Result "0-1"]
[ECO "D02"]
[WhiteElo "1935"]
[BlackElo "2316"]
[Annotator "ChessBase"]
[PlyCount "76"]
[EventDate "2019.11.29"]
[EventType "swiss"]
[EventCountry "ENG"]
[SourceTitle "playchess.com"]
[Source "ChessBase"]
[SourceQuality "1"]
[TimeControl "40/5400+30:1800+30"]

1. g3 Nf6 2. Bg2 c5 3. Nf3 Nc6 4. O-O d5 5. d4 cxd4 6. Nxd4 e5 7. Nxc6 bxc6 8. c4 Be6 9. Qa4 Qd7 10. Nc3 Rd8 11. Bg5 Bc5 12. Rad1 Bd4 13. e3 Bxc3 14. bxc3 O-O 15. e4 d4 16. cxd4 exd4 17. e5 h6 18. Be3 c5 19. Qxd7 Nxd7 20. Bf4 g5 21. Bc1 Nxe5 22. f4 Nxc4 23. fxg5 hxg5 24. Bxg5 Ne3 25. Bxe3 dxe3 26. Rde1 Rd2 27. Rxe3 Rb8 28. Be4 Bh3 29. Rc1 Rbb2 30. Rec3 Bg2 31. Bc2 Rxa2 32. Rxc5 Bf3 33. Bb3 Rg2+ 34. Kf1 Raf2+ 35. Ke1 Re2+ 36. Kf1 Rxh2 37. Bxf7+ Kf8 38. Rc8+ Kg7 0-1

[Event "11th LCC FIDE Open 2019"]
[Site "London"]
[Date "2019.11.29"]
[Round "1.33"]
[White "Wu, Li"]
[Black "Rogacewicz, Mikolaj"]
[Result "1/2-1/2"]
[ECO "E17"]
[WhiteElo "2293"]
[BlackElo "1921"]
[Annotator "ChessBase"]
[PlyCount "63"]
[EventDate "2019.11.29"]
[EventType "swiss"]
[EventCountry "ENG"]
[SourceTitle "playchess.com"]
[Source "ChessBase"]
[SourceQuality "1"]
[TimeControl "40/5400+30:1800+30"]

1. Nf3 Nf6 2. g3 b6 3. Bg2 Bb7 4. O-O e6 5. c4 Be7 6. b3 O-O 7. Bb2 d5 8. cxd5 Nxd5 9. d4 Nd7 10. Nbd2 c5 11. Nc4 Rc8 12. Rc1 b5 13. Nce5 Nxe5 14. Nxe5 f6 15. Nd3 c4 16. bxc4 bxc4 17. Nc5 Bxc5 18. dxc5 Qa5 19. Rxc4 Rxc5 20. Rxc5 Qxc5 21. e4 Nb6 22. Qb3 Qc4 23. Rc1 Qxb3 24. axb3 Rd8 25. f3 Rd3 26. Bh3 Bc8 27. f4 Kf7 28. Bc3 Bb7 29. Bf1 Rd7 30. Bg2 f5 31. exf5 exf5 32. Bxb7 1/2-1/2

[Event "11th LCC FIDE Open 2019"]
[Site "London"]
[Date "2019.11.29"]
[Round "1.34"]
[White "Dias, Savin"]
[Black "Van Zyl-Rudd, Jack"]
[Result "0-1"]
[ECO "B00"]
[WhiteElo "1916"]
[BlackElo "2290"]
[Annotator "ChessBase"]
[PlyCount "80"]
[EventDate "2019.11.29"]
[EventType "swiss"]
[EventCountry "ENG"]
[SourceTitle "playchess.com"]
[Source "ChessBase"]
[SourceQuality "1"]
[TimeControl "40/5400+30:1800+30"]

1. e4 Nc6 2. d4 d5 3. e5 Bf5 4. Nf3 e6 5. Bd3 Nge7 6. Bg5 h6 7. Bxf5 hxg5 8. Bd3 g4 9. Nfd2 g3 10. fxg3 Nxd4 11. O-O Nef5 12. Bxf5 Nxf5 13. Qf3 Bc5+ 14. Kh1 Qg5 15. g4 Qh4 16. Qh3 Ne3 17. Qxh4 Rxh4 18. Rc1 Nxg4 19. Nf3 Rh5 20. h3 Nxe5 21. Nxe5 Rxe5 22. Nc3 d4 23. Nb5 O-O-O 24. Rd1 a6 25. Na3 Bxa3 26. bxa3 Re2 27. Rac1 Rd5 28. Rf1 f6 29. Rf3 Rc5 30. Rg3 g5 31. Rf3 Rcxc2 32. Rg1 f5 33. Rg3 Rxa2 34. Rxg5 d3 35. Rg8+ Kd7 36. Rd1 d2 37. Kh2 Re1 38. Rxd2+ Rxd2 39. h4 Re4 40. Kg3 Rd3+ {[%emt 0:00:15] Rg5} 0-1

[Event "11th LCC FIDE Open 2019"]
[Site "London"]
[Date "2019.11.29"]
[Round "1.35"]
[White "Cumming, Rhys"]
[Black "Phillips, Owen S"]
[Result "1-0"]
[ECO "C03"]
[WhiteElo "2284"]
[BlackElo "1902"]
[Annotator "ChessBase"]
[PlyCount "77"]
[EventDate "2019.11.29"]
[EventType "swiss"]
[EventCountry "ENG"]
[SourceTitle "playchess.com"]
[Source "ChessBase"]
[SourceQuality "1"]
[TimeControl "40/5400+30:1800+30"]

1. e4 e6 2. d4 d5 3. Nd2 e5 4. dxe5 dxe4 5. Qe2 Qd5 6. Qxe4 Qxe4+ 7. Nxe4 Nc6 8. Bf4 Nge7 9. Nf3 Ng6 10. Bg3 Bb4+ 11. c3 Be7 12. Bd3 Bg4 13. Ned2 O-O-O 14. Bc2 Rd7 15. h3 Be6 16. Nb3 Kb8 17. O-O Bd5 18. Nbd4 Bc5 19. Ba4 Bxd4 20. Nxd4 Rdd8 21. Nxc6+ bxc6 22. Rfd1 h5 23. Rd2 h4 24. Bh2 Kb7 25. Rad1 Rdg8 26. Rd4 Rh5 27. c4 Be6 28. Re4 Rg5 29. f4 Rh5 30. Rd3 Ne7 31. Bd1 Rh6 32. Bf3 Kb6 33. Rb3+ Ka6 34. Rb4 c5 35. Rb3 Nc6 36. Rb5 Nd4 37. Rxc5 Kb6 38. b4 Rd8 39. Rxd4 1-0

[Event "11th LCC FIDE Open 2019"]
[Site "London"]
[Date "2019.11.29"]
[Round "1.37"]
[White "Stoyanov, Viktor"]
[Black "Finn, Peter"]
[Result "1-0"]
[ECO "B30"]
[WhiteElo "2272"]
[BlackElo "1895"]
[Annotator "ChessBase"]
[PlyCount "155"]
[EventDate "2019.11.29"]
[EventType "swiss"]
[EventCountry "ENG"]
[SourceTitle "playchess.com"]
[Source "ChessBase"]
[SourceQuality "1"]
[TimeControl "40/5400+30:1800+30"]

1. e4 c5 2. Nc3 e6 3. Nf3 Nc6 4. Bb5 Nge7 5. O-O g6 6. d4 cxd4 7. Nxd4 Bg7 8. Nxc6 bxc6 9. Bd3 O-O 10. Rb1 Rb8 11. Na4 d6 12. b3 c5 13. Bb2 Bd7 14. Bxg7 Kxg7 15. Nb2 d5 16. Qe1 Kg8 17. Qc3 c4 18. bxc4 dxe4 19. Bxe4 Qb6 20. c5 Qb4 21. Qe3 Rfc8 22. Rfd1 Be8 23. Rdc1 Qxc5 24. Qxc5 Rxc5 25. Nd1 Rbc8 26. Ne3 Bc6 27. Bxc6 Nxc6 28. Rd1 Ra5 29. Rb2 Ne5 30. Rd4 Rc3 31. Nd1 Rca3 32. f4 Nc6 33. Rd6 Ne7 34. Rd7 Rd5 35. Rxd5 Nxd5 36. g3 a5 37. Kf2 Kf8 38. Ke2 Nb4 39. c3 Nxa2 40. Kd2 Ke7 41. Kc2 Kf6 42. Rb7 Nxc3 43. Nxc3 Ra1 44. Kd3 h6 45. h3 g5 46. fxg5+ hxg5 47. Rb5 Kg6 48. Ke2 Rh1 49. Kf3 Rxh3 50. Kg4 Rh5 51. Rxa5 f5+ 52. Kf3 Rh1 53. Ne2 Kf6 54. Nd4 Rd1 55. Ne2 Rd3+ 56. Kf2 Rb3 57. Ra6 Rb2 58. Ke3 Rb3+ 59. Kd2 Rb8 60. Nd4 Re8 61. Kd3 Re7 62. Rd6 Ke5 63. Rd8 Kf6 64. Rf8+ Kg7 65. Rc8 Kf6 66. Kc4 Ra7 67. Rf8+ Rf7 68. Rxf7+ Kxf7 69. Nc6 Kf6 70. Kd4 g4 71. Ne5 Kg5 72. Ke3 f4+ 73. gxf4+ Kf5 74. Nc4 g3 75. Kf3 g2 76. Ne3+ Kg6 77. Kxg2 Kf6 78. Kf3 1-0

[Event "11th LCC FIDE Open 2019"]
[Site "London"]
[Date "2019.11.29"]
[Round "1.38"]
[White "Patel, Rishi"]
[Black "Czerw, Dawid"]
[Result "0-1"]
[ECO "B48"]
[WhiteElo "1891"]
[BlackElo "2255"]
[Annotator "ChessBase"]
[PlyCount "92"]
[EventDate "2019.11.29"]
[EventType "swiss"]
[EventCountry "ENG"]
[SourceTitle "playchess.com"]
[Source "ChessBase"]
[SourceQuality "1"]
[TimeControl "40/5400+30:1800+30"]

1. e4 c5 2. Nf3 e6 3. d4 cxd4 4. Nxd4 Nc6 5. Be3 Qc7 6. Nc3 a6 7. g3 d6 8. Bg2 Bd7 9. Qd2 Ne5 10. f4 Nc4 11. Qc1 Rc8 12. Nde2 Nxe3 13. Qxe3 Nf6 14. O-O Ng4 15. Qf3 Qc5+ 16. Kh1 Ne3 17. b4 Qb6 18. Qf2 Rc6 19. Na4 Qxb4 20. Qxe3 Qxa4 21. c3 Be7 22. Nd4 Rc7 23. e5 O-O 24. f5 dxe5 25. Qxe5 Rc5 26. Qe3 Bf6 27. fxe6 fxe6 28. Rad1 Re5 29. Qd2 Bc8 30. Qb2 b5 31. Rd2 Qc4 32. Rdf2 Re3 33. Ne2 Rd8 34. Nd4 Qxc3 35. Qxc3 Rxc3 36. Nc6 Rd6 37. Ne5 Rc7 38. Kg1 h6 39. Be4 Rd8 40. Nf3 Bb7 41. Bg6 Rc3 42. Bh5 Bd5 43. h4 Rdc8 44. Kh2 Rc2 45. a3 Rxf2+ 46. Rxf2 Rc3 0-1